 Dungeon Crawl Stone Soup version 0.16.2-2-g470672f (webtiles) character file.

13763 monobi the Slicer (level 11, -6/76 HPs)
             Began as a Demonspawn Gladiator on Sept 2, 2015.
             Mangled by a seven-headed hydra (11 damage)
             ... on level 3 of the Lair of Beasts.
             The game lasted 00:52:22 (11211 turns).

monobi the Slicer (Demonspawn Gladiator)           Turns: 11211, Time: 00:52:22

Health: -6/76      AC: 17    Str: 16 (18) XL:     11   Next: 79%
Magic:  21/21      EV: 13    Int:  9      God:
Gold:   429        SH:  0    Dex: 15      Spells: 0 memorised, 10 levels left

rFire  . . .     SeeInvis .     o - +6 rapier (drain)
rCold  + . .     Clarity  +     G - +3 scale mail {rC+}
rNeg   . . .     SustAb   .     (no shield)
rPois  .         Gourm    .     c - +0 helmet
rElec  .         Spirit   .     H - +0 cloak
rCorr  .         Warding  .     (no gloves)
rMut   .         Stasis   .     (no boots)
MR     .....                    (no amulet)
Stlth  ++........               m - ring of magical power
                                y - ring of wizardry

@: lethally poisoned (-6 -> -12), drained, not resistant to hostile
enchantments, unstealthy
A: claws 1, hooves 1, iridescent scales 1, clarity, frail 1, high mp 1, powered
by death 3, spiny 1, spit poison 1
a: Spit Poison


You were on level 3 of the Lair of Beasts.
You were not hungry.

You visited 2 branches of the dungeon, and saw 11 of its levels.

You collected 429 gold pieces.

Inventory:

Hand weapons
 h - a +0 short sword of flaming
 o - a +6 rapier of draining (weapon)
 v - a +4 quarterstaff of chaos
 E - the cursed +1 hunting sling "Zepal" {velocity, rElec rC- Int+2 SInv}
   (You found it on level 6 of the Dungeon)

   Any stone fired from it inflicts extra damage.
   It affects your intelligence (+2).
   It makes you vulnerable to cold.
   It insulates you from electricity.
   It enhances your eyesight.
   It has a curse placed upon it.
 F - a +7 flail of crushing
Missiles
 d - 7 throwing nets (quivered)
Armour
 b - a +0 hat
 c - a +0 helmet (worn)
 G - a +3 scale mail of cold resistance (worn)
 H - a +0 cloak (worn)
Jewellery
 e - an uncursed amulet of resist mutation
 m - a ring of magical power (right claw)
 r - an uncursed ring of positive energy
 y - a ring of wizardry (left claw)
Magical devices
 i - a wand of lightning (5)
 n - a wand of cold (8)
 s - a wand of hasting (0)
 t - a wand of confusion (13)
 C - a wand of draining (4)
 K - a wand of frost (27)
 L - a wand of cold (7)
 R - a wand of lightning (6)
Scrolls
 a - a scroll of fog
 k - 2 scrolls of immolation
 p - a scroll of recharging {unknown}
 q - 8 scrolls of identify
 x - 2 scrolls of teleportation
 J - 3 scrolls of remove curse
 N - a scroll of enchant armour
 O - a scroll of fear
 P - a scroll of noise {unknown}
Potions
 l - 4 potions of restore abilities {unknown}
 A - a potion of lignification
 Q - a potion of magic
Books
 D - a book of Minor Magic

   Spells                             Type                      Level
   a - Magic Dart                     Conjuration                  1
   b - Blink                          Translocation                2
   c - Call Imp                       Summoning                    2
   d - Repel Missiles                 Charms/Air                   2
   e - Slow                           Hexes                        2
   f - Conjure Flame                  Conjuration/Fire             3
   g - Mephitic Cloud                 Conjuration/Poison/Air       3
 I - a book of Beasts

   Spells                             Type                      Level
   a - Summon Butterflies             Summoning                    1
   b - Call Canine Familiar           Summoning                    3
   c - Summon Ice Beast               Ice/Summoning                4
   d - Summon Mana Viper              Hexes/Summoning              5
   e - Monstrous Menagerie            Summoning                    6
   f - Summon Hydra                   Summoning                    7
Comestibles
 f - 7 bread rations
 g - 8 beef jerkies
 j - 7 fruits
 z - 2 slices of pizza
 M - 3 meat rations


   Skills:
 + Level 7.7(7.0) Fighting
 * Level 9.3(8.6) Short Blades
 + Level 4.0(3.4) Maces & Flails
   Level 3.0(2.5) Polearms
 - Level 2.0(1.4) Throwing
 * Level 8.3(7.7) Armour
 + Level 7.1(6.5) Dodging
 + Level 7.2(6.6) Stealth


You had 10 spell levels left.
You didn't know any spells.

Dungeon Overview and Level Annotations

Branches:
Dungeon (8/15)             Temple (0/1) D:5            Lair (3/8) D:8
  Swamp (0/5) Lair:3
  Snake: Lair:3-6    Spider: Lair:3-6

Altars:
Cheibriados
Dithmenos
Gozag
Makhleb
Sif Muna
Trog


Innate Abilities, Weirdness & Mutations

You have large cloven feet.
You are partially covered in iridescent scales (AC +4).
You can steal the life force of all defeated enemies in sight.
You are partially covered in sharp spines.
You have sharp fingernails.
You possess an exceptional clarity of mind.
You are frail (-10% HP).
You have an increased reservoir of magic (+10% MP).
You can spit poison.


Message History

You feel sick.
The seven-headed hydra bites you but does no damage. x2
The seven-headed hydra bites you.
* * * LOW HITPOINT WARNING * * *
The seven-headed hydra bites you!
* * * LOW HITPOINT WARNING * * *
The seven-headed hydra bites you but does no damage.
The seven-headed hydra completely misses you.
The seven-headed hydra barely misses you.
Drink which item? (? for menu, Esc to quit)
It was a potion of magic.
Magic courses through your body.
You feel sick.
The seven-headed hydra bites you but does no damage.
The seven-headed hydra closely misses you.
The seven-headed hydra bites you but does no damage.
The seven-headed hydra bites you.
* * * LOW HITPOINT WARNING * * *
The seven-headed hydra misses you. The seven-headed hydra bites you.
* * * LOW HITPOINT WARNING * * *
The seven-headed hydra bites you!
You die...

.#.........# .......
..........## #.......
##.........## #.......
##........#.# #......
##..........## ##.....
.............# #.....
#............# #.....
#P......D..P# #P....
##......@...# #.....
#...........# ##....
..........## ##.....
#.........# ##..#...
.........## #....#..
#.........## ####......
#........#.# ##.##.....#
..........####.........#
.........###.........##.


You could see a seven-headed hydra.

Vanquished Creatures
  A swamp dragon (Lair:3)
  A griffon (Lair:2)
  3 black mambas
  A spiny frog (Lair:2)
  A komodo dragon (Lair:3)
  A polar bear (Lair:2)
  Grinder (D:5)
  13 blink frogs
  A spriggan (Lair:2)
  Eustachio (D:6)
  A wyvern (Lair:1)
  13 yaks
  12 wolves (Lair:2)
  Edmund (D:6)
  Menkaure (D:6)
  A hippogriff (Lair:3)
  An orc warrior (D:6)
  3 water moccasins (Lair:1)
  An ice beast (D:6)
  A sky beast (D:5)
  A porcupine (Lair:1)
  A necrophage (D:7)
  3 centaurs
  4 ogres
  A phantom (D:7)
  2 crocodiles
  2 big kobolds (D:8)
  Blork the orc (D:5)
  9 giant frogs
  3 scorpions
  4 killer bees (D:8)
  An electric eel (Lair:3)
  A centaur zombie (D:6)
  9 hounds
  3 crimson imps
  Crazy Yiuf (D:6)
  A giant frog zombie (D:7)
  2 centaur skeletons (D:8)
  A jelly (D:5)
  3 orc priests
  2 hell rats (Lair:3)
  5 iguanas
  3 orc wizards
  A quasit (D:6)
  Natasha (thrice) (D:3)
  3 worker ants
  A killer bee zombie (D:3)
  Ijyb (D:4)
  A hound zombie (D:5)
  2 hound skeletons
  13 adders
  6 gnolls
  27 river rats
  3 shadow imps (D:6)
  3 giant mites
  2 white imps (D:6)
  4 worms
  An ufetubus (D:6)
  An adder skeleton (D:6)
  3 giant geckos
  16 orcs
  20 bats
  2 bat zombies
  8 giant cockroaches
  11 hobgoblins
  12 jackals
  22 kobolds
  8 giant newts
  6 goblins
  12 quokkas
  A quokka skeleton (D:8)
  16 rats
  2 ballistomycetes (D:8)
  A butterfly (D:5)
334 creatures vanquished.

Vanquished Creatures (others)
  A giant spore (D:8)
  A fungus (Lair:1)
2 creatures vanquished.

Grand Total: 336 creatures vanquished

Notes
Turn   | Place    | Note
--------------------------------------------------------------
     0 | D:1      | monobi, the Demonspawn Gladiator, began the quest for the Orb.
     0 | D:1      | Reached XP level 1. HP: 16/16 MP: 1/1
   104 | D:1      | Gained mutation: You can steal the life force of nearby defeated enemies. [demonic ancestry]
   104 | D:1      | Reached XP level 2. HP: 8/22 MP: 2/2
   874 | D:1      | Reached skill level 1 in Armour
  1320 | D:1      | Reached skill level 3 in Polearms
  1320 | D:1      | Reached XP level 3. HP: 27/27 MP: 3/3
  1889 | D:2      | Gained mutation: You can steal the life force of defeated enemies. [demonic ancestry]
  1889 | D:2      | Reached XP level 4. HP: 20/34 MP: 4/4
  1896 | D:2      | Reached skill level 1 in Short Blades
  1896 | D:2      | Reached skill level 1 in Stealth
  2533 | D:3      | Reached XP level 5. HP: 27/40 MP: 5/5
  2846 | D:3      | Noticed Natasha
  2853 | D:3      | Killed Natasha
  2944 | D:3      | Noticed Natasha
  2953 | D:3      | Killed Natasha
  3300 | D:3      | Noticed Natasha
  3302 | D:3      | Killed Natasha
  3432 | D:4      | Noticed Ijyb
  3440 | D:4      | Killed Ijyb
  3440 | D:4      | Gained mutation: You are partially covered in iridescent scales (AC +4). [demonic ancestry]
  3440 | D:4      | Reached XP level 6. HP: 47/47 MP: 6/6
  3549 | D:4      | Noticed an ogre
  3557 | D:4      | Killed an ogre
  4209 | D:5      | Entered Level 5 of the Dungeon
  4345 | D:5      | Gained mutation: You are partially covered in sharp spines. [demonic ancestry]
  4345 | D:5      | Reached XP level 7. HP: 49/52 MP: 7/7
  4388 | D:5      | Found a staircase to the Ecumenical Temple.
  4491 | D:5      | Noticed Blork the orc
  4509 | D:5      | Killed Blork the orc
  4580 | D:5      | Reached skill level 4 in Fighting
  4779 | D:5      | Noticed Grinder
  4801 | D:5      | Killed Grinder
  4801 | D:5      | Gained mutation: You have large cloven feet. [demonic ancestry]
  4801 | D:5      | Reached XP level 8. HP: 35/60 MP: 8/8
  5321 | D:6      | Got a polished hunting sling
  5362 | D:6      | Noticed Edmund
  5365 | D:6      | Reached skill level 5 in Short Blades
  5388 | D:6      | Killed Edmund
  5409 | D:6      | Identified the cursed +1 hunting sling "Zepal" {velocity, rElec rC- Int+2 SInv} (You found it on level 6 of the Dungeon)
  5421 | D:6      | Found an opulent altar of Gozag.
  5432 | D:6      | Found a shadowy altar of Dithmenos.
  5627 | D:6      | Reached skill level 5 in Fighting
  5747 | D:6      | Noticed Menkaure
  5751 | D:6      | Noticed Eustachio
  5755 | D:6      | Killed Menkaure
  5810 | D:6      | Killed Eustachio
  5810 | D:6      | Reached XP level 9. HP: 32/68 MP: 9/9
  5997 | D:6      | Reached skill level 6 in Short Blades
  6583 | D:6      | Reached skill level 5 in Dodging
  6650 | D:6      | Noticed Crazy Yiuf
  6669 | D:6      | Killed Crazy Yiuf
  7061 | D:7      | Found a deep blue altar of Sif Muna.
  7262 | D:7      | Reached skill level 5 in Armour
  7338 | D:7      | Found a burning altar of Makhleb.
  7346 | D:7      | Reached skill level 5 in Stealth
  7512 | D:8      | Found a staircase to the Lair.
  7655 | D:8      | Found a snail-covered altar of Cheibriados.
  7662 | D:8      | Reached skill level 7 in Short Blades
  7725 | D:8      | Reached skill level 1 in Maces & Flails
  8186 | Lair:1   | Entered Level 1 of the Lair of Beasts
  8276 | Lair:1   | Noticed a black mamba
  8294 | Lair:1   | Killed a black mamba
  8294 | Lair:1   | Reached XP level 10. HP: 51/76 MP: 10/10
  8816 | Lair:1   | Noticed a black mamba
  8821 | Lair:1   | Killed a black mamba
  9033 | Lair:1   | Found a bloodstained altar of Trog.
  9128 | Lair:2   | Noticed a griffon
  9142 | Lair:2   | Killed a griffon
  9142 | Lair:2   | Reached skill level 8 in Short Blades
  9252 | Lair:2   | Noticed a black mamba
  9265 | Lair:2   | Killed a black mamba
  9347 | Lair:2   | Gained mutation: You can steal the life force of all defeated enemies in sight. [demonic ancestry]
  9347 | Lair:2   | Reached XP level 11. HP: 36/83 MP: 11/11
  9491 | Lair:2   | Gained mutation: You have an increased reservoir of magic (+10% MP). [potion of mutation]
  9491 | Lair:2   | Gained mutation: You can spit poison. [potion of mutation]
  9503 | Lair:2   | Gained mutation: You are frail (-10% HP). [potion of mutation]
  9503 | Lair:2   | Gained mutation: You have sharp fingernails. [potion of mutation]
  9503 | Lair:2   | Gained mutation: You possess an exceptional clarity of mind. [potion of mutation]
 10419 | Lair:2   | Reached skill level 9 in Short Blades
 10912 | Lair:3   | Found a staircase to the Swamp.
 10912 | Lair:3   | Noticed a swamp dragon
 10969 | Lair:3   | Killed a swamp dragon
 11180 | Lair:3   | Noticed a seven-headed hydra
 11211 | Lair:3   | Mangled by a seven-headed hydra

Action                   |  1- 3 |  4- 6 |  7- 9 | 10-12 || total
-------------------------+-------+-------+-------+-------++-------
Melee: Trident           |    87 |       |       |       ||    87
       Rapier            |    24 |   217 |   488 |   503 ||  1232
Evoke: Wand              |       |       |       |     1 ||     1
  Use: Scroll            |     5 |     2 |    15 |       ||    22
       Potion            |       |       |       |    14 ||    14
 Stab: Sleeping          |       |     1 |     3 |     1 ||     5
       Distracted        |       |       |       |     1 ||     1
  Eat: Chunk             |     1 |     2 |     1 |     1 ||     5
       Bread ration      |     1 |       |     2 |       ||     3
       Fruit             |       |     1 |       |       ||     1
       Meat ration       |       |     1 |       |     2 ||     3
       Royal jelly       |       |       |     1 |       ||     1
       Beef jerky        |       |       |     1 |       ||     1
